 Dungeon Crawl Stone Soup version 0.31-a0-1321-g5021b54cb2 (webtiles) character file.

Game seed: 2271441788442467109

1929 MachoJfn the Toxicologist (level 9, -4/55 HPs)
             Began as a Djinni Fire Elementalist on Dec 19, 2023.
             Was a Priest of Dithmenos.
             Shot with an arrow by a centaur (7 damage)
             ... on level 6 of the Dungeon on Dec 20, 2023.
             The game lasted 00:23:15 (6189 turns).

MachoJfn the Toxicologist (DjFE)                    Turns: 6189, Time: 00:23:15

Health: -4/55      AC: 10    Str:  7    XL:     9   Next: 40%
Gold:   376        EV: 13    Int: 21    God:    Dithmenos [***...] SH:  0 Dex: 14

rFire   + + +        b - +3 Elemental Staff {ele, rElec rF+ rC+ AC+3}
rCold   . . .        (no shield)
rNeg    . . .        a - +0 robe
rPois   ∞            p - +0 helmet
rElec   +            v - scarf {shadows}
rCorr   .            (no gloves)
SInv    .            (boots unavailable)
Will    .....        s - amulet of faith
Stlth   +++          e - +4 ring of protection
HPRegen 0.29/turn    (no ring)
MPRegen 0.00/turn

%: faith, infuse magic (-5 HP)
@: flying, wreathed by umbra
A: sickness immunity, fire resistance 2, cold vulnerability 1, float, innate
caster, HP casting, extra vitality 1
a: Renounce Religion, Shadow Step


You were on level 6 of the Dungeon.
You worshipped Dithmenos.
Dithmenos was most pleased with you.
You visited 1 branch of the dungeon, and saw 6 of its levels.
You also visited: Sewer.

You collected 376 gold pieces.

Inventory:

Hand Weapons
 b - the +3 Elemental Staff (weapon) {ele, rElec rF+ rC+ AC+3}
   (You acquired it on level 4 of the Dungeon)

   AC+3:      It affects your AC (+3).
   rF+:       It protects you from fire.
   rC+:       It protects you from cold.
   rElec:     It insulates you from electricity.
Missiles
 g - 46 stones
 i - 4 large rocks
Armour
 a - a +0 robe (worn)
 o - an orb of light
 p - a +0 helmet (worn)
 u - an orb of guile
 v - a scarf of shadows (worn)
Magical Staves
 h - a staff of alchemy
Jewellery
 e - a +4 ring of protection (left hand)
 s - an amulet of faith (around neck)
Wands
 f - a wand of mindburst (7)
 w - a wand of digging (8)
 y - a wand of flame (11)
Scrolls
 c - 6 scrolls of teleportation
 r - a scroll of amnesia
 t - a scroll of noise
 x - a scroll of brand weapon
 A - a scroll of identify
Potions
 d - a potion of magic
 j - a potion of attraction {unknown}
 k - 4 potions of curing
 l - 2 potions of mutation
 m - a potion of invisibility {unknown}
 n - a potion of heal wounds
 q - 5 potions of enlightenment
 z - a potion of haste


   Skills:
 + Level 1.5 Short Blades
 + Level 4.1 Dodging
 - Level 2.2 Stealth
 * Level 7.2 Spellcasting
 * Level 7.2 Conjurations
 * Level 7.2 Hexes
 * Level 7.2 Summonings
 * Level 7.2 Necromancy
 * Level 7.2 Translocations
 * Level 7.2 Fire Magic
 * Level 7.2 Ice Magic
 * Level 7.2 Air Magic
 * Level 7.2 Earth Magic
 * Level 8.4 Alchemy
 * Level 6.5 Evocations


You knew the following spells:

 Your Spells              Type           Power      Damage    Failure   Level
a - Foxfire               Conj/Fire      100%       2x1d9     1%          1
b - Scorch                Fire           100%       2d9       1%          2
c - Volatile Blastmotes   Fire/Tloc      100%       2d18      1%          3
d - Inner Flame           Hex/Fire       54%        N/A       1%          3
e - Flame Wave            Conj/Fire      54%        2d13      4%          4
f - Slow                  Hex            100%       N/A       1%          1
g - Searing Ray           Conj           74%        2d7       1%          2
h - Jinxbite              Hex            74%        N/A       1%          2
i - Olgreb's Toxic Radia  Alch           42%        N/A       2%          4
Your spell library was empty.

Dungeon Overview and Level Annotations

Branches:
Dungeon (6/15)              Sewer (visited)
 Temple: D:4-7

Altars:
Dithmenos


Innate Abilities, Weirdness & Mutations

You are immune to sickness and miasma.
You are immune to poison.
Your flesh is very heat resistant. (rF++)
You are vulnerable to cold. (rC-)
You float through the air rather than walking.
You learn spells naturally, not from books.
Your magical power is your life essence.
You have superior vitality. (+4 MHP)


Message History

You feel a surge of power!
You conjure some foxfire!
The centaur shoots an arrow.
The arrow hits you.
The centaur shoots an arrow.
The arrow hits you!
The foxfire hits the centaur.
The centaur is lightly wounded.
The foxfire hits the centaur.
The centaur is moderately wounded.
Casting: Foxfire (safe; 1% risk of failure)
Confirm with . or Enter, or press ? or * to list all spells.
You feel a surge of power!
You conjure some foxfire!
The foxfire hits the centaur.
The centaur is moderately wounded.
The foxfire hits the centaur!
The centaur is severely wounded.
The centaur wields a +0 shortbow.
The centaur shoots an arrow.
The arrow hits you.
The centaur shoots an arrow.
The arrow hits you!
* * * LOW HITPOINT WARNING * * *
The centaur shoots an arrow.
The arrow closely misses you.
The centaur shoots an arrow.
The arrow hits you.
* * * LOW HITPOINT WARNING * * *
You feel better.
A centaur comes into view.
The centaur shoots an arrow.
The arrow barely misses you.
The centaur shoots an arrow.
The arrow hits you!
* * * LOW HITPOINT WARNING * * *
The centaur shoots an arrow.
The arrow hits you.
* * * LOW HITPOINT WARNING * * *
Casting: Foxfire (safe; 1% risk of failure)
Confirm with . or Enter, or press ? or * to list all spells.
Okay, then.
It was a potion of heal wounds.
You feel much better.
The centaur shoots an arrow.
The arrow hits you!
* * * LOW HITPOINT WARNING * * *
The centaur shoots an arrow.
The arrow misses you.
The centaur shoots an arrow.
The arrow hits you.
* * * LOW HITPOINT WARNING * * *
The centaur shoots an arrow.
The arrow hits you.
* * * LOW HITPOINT WARNING * * *
The centaur shoots an arrow.
The arrow hits you!
You die...

######### #.......#
#.......# #>.......
#.......# #.....≈≈≈
#.......# #...≈≈≈≈≈
#.......## #..≈≈≈≈≈.
###+##....###≈≈≈≈≈≈.#
#.......####≈≈≈≈≈≈≈.#
#.......##≈≈≈≈@≈≈≈≈.#
#.......#≈≈≈≈≈≈≈≈≈c.#
#.......#≈≈≈≈≈≈≈≈≈cc#
#######.≈≈≈≈≈≈≈≈≈≈c.#'
#......≈≈≈≈≈≈≈≈≈≈...
#..!...≈≈≈≈≈≈≈≈≈≈≈..
##'#####≈≈≈≈≈≈≈≈≈≈≈≈≈
#.......#≈≈≈≈≈≈≈≈≈
#.......#..#≈≈≈≈≈≈


You could see 4 centaurs.

Vanquished Creatures
  An unseen horror (D:6)
  A water moccasin (D:5)
  A black bear (D:6)
  An orc warrior (D:6)
  A sky beast (D:6)
  2 ice beasts (D:6)
  2 ogres
  A phantom (D:5)
  A kobold brigand (Sewer)
  A bullfrog (D:6)
  2 scorpions
  A jelly (D:6)
  3 hounds
  A sleepcap (D:6)
  4 iguanas
  4 orc wizards (D:6)
  Robin (D:3)
  3 gnolls (D:4)
  6 adders
  A river rat (Sewer)
  A white imp (D:5)
  An ufetubus (D:6)
  5 worms
  2 dart slugs (D:5)
  8 orcs
  6 ball pythons
  7 endoplasms
  5 giant cockroaches
  16 goblins
  9 hobgoblins
  6 jackals
  9 kobolds
  3 quokkas
  6 bats
  5 frilled lizards
  13 rats
140 creatures vanquished.

Vanquished Creatures (others)
  90 foxfires
90 creatures vanquished.

Grand Total: 230 creatures vanquished

Notes
Turn   | Place    | Note
-------+----------+-------------------------------------------
     0 | D:1      | Reached skill level 3 in Alchemy
     0 | D:1      | MachoJfn the Djinni Fire Elementalist began the quest for
                  | the Orb.
     0 | D:1      | MachoJfn set off with the following spells memorised:
                  | Foxfire, Scorch, Volatile Blastmotes, Inner Flame, Flame
                  | Wave.
     0 | D:1      | Reached XP level 1. HP: 15/15 MP: 0/0
   106 | D:1      | Reached XP level 2. HP: 13/21 MP: 0/0
   751 | D:1      | Reached XP level 3. HP: 24/25 MP: 0/0
   751 | D:1      | Learned a level 1 spell: Slow
   950 | D:2      | Reached XP level 4. HP: 29/31 MP: 0/0
  1760 | D:2      | Found a faded altar of an unknown god.
  1771 | D:2      | Prayed at the altar of an unknown god.
  1771 | D:2      | Became a worshipper of Dithmenos the Shadowed
  1771 | D:2      | Reached * piety under Dithmenos
  2085 | D:3      | Identified the +2 pair of gloves of Ashenzari's Whim
                  | {Dex+3}
  2086 | D:3      | Noticed Robin
  2104 | D:3      | Killed Robin
  2105 | D:3      | Reached XP level 5. HP: 23/35 MP: 0/0
  2105 | D:3      | Learned a level 2 spell: Searing Ray
  2142 | D:3      | Reached skill level 1 in Short Blades
  2197 | D:3      | Reached skill level 4 in Alchemy
  2582 | D:3      | Reached skill level 5 in Alchemy
  2582 | D:3      | Upgraded the game from 0.31-a0-1308-ga3cce3a448 to
                  | 0.31-a0-1321-g5021b54cb2
  3017 | D:4      | Reached ** piety under Dithmenos
  3163 | D:4      | Identified a scroll of acquirement
  3163 | D:4      | Acquired the +3 Elemental Staff {ele, rElec rF+ rC+ AC+3}
  3163 | D:4      | Found the +3 Elemental Staff {ele, rElec rF+ rC+ AC+3}
  3222 | D:4      | Reached XP level 6. HP: 24/40 MP: 0/0
  3226 | D:4      | Reached skill level 6 in Alchemy
  3349 | D:4      | Reached skill level 1 in Evocations
  3361 | D:4      | Found a glowing drain.
  3373 | Sewer    | Entered a sewer
  3543 | Sewer    | Found a white marble altar of Elyvilon.
  4606 | D:5      | Entered Level 5 of the Dungeon
  4628 | D:5      | Reached XP level 7. HP: 40/45 MP: 0/0
  4628 | D:5      | Learned a level 2 spell: Jinxbite
  4628 | D:5      | Noticed a water moccasin
  4631 | D:5      | Killed a water moccasin
  4632 | D:5      | Reached skill level 5 in Spellcasting
  4632 | D:5      | Reached skill level 5 in Conjurations
  4632 | D:5      | Reached skill level 5 in Hexes
  4632 | D:5      | Reached skill level 5 in Summonings
  4632 | D:5      | Reached skill level 5 in Necromancy
  4632 | D:5      | Reached skill level 5 in Translocations
  4632 | D:5      | Reached skill level 5 in Fire Magic
  4632 | D:5      | Reached skill level 5 in Ice Magic
  4632 | D:5      | Reached skill level 5 in Air Magic
  4632 | D:5      | Reached skill level 5 in Earth Magic
  4994 | D:5      | Found a shadowy altar of Dithmenos.
  5369 | D:5      | Reached skill level 7 in Alchemy
  5369 | D:5      | Reached XP level 8. HP: 39/50 MP: 0/0
  5779 | D:6      | Reached *** piety under Dithmenos
  5850 | D:6      | Reached skill level 5 in Evocations
  5851 | D:6      | Reached skill level 8 in Alchemy
  5851 | D:6      | Reached XP level 9. HP: 43/55 MP: 0/0
  5851 | D:6      | Learned a level 4 spell: Olgreb's Toxic Radiance
  5966 | D:6      | Killed an unseen horror
  6189 | D:6      | Shot with an arrow by a centaur

Illustrated notes

Levels and vault maps discovered:
D:1:      scummos_arrival_checkerplants, layout_basic
D:2:      layout_loops_ring, shapermc_ecumenical_altar_mp_highgroup,
          minmay_tromino_v4_b
D:3:      layout_loops_ring, minmay_misc_feat_encased, chequers_arboretum,
          uniq_robin
D:4:      layout_loops_ring, cheibrodos_sewer_entry_drain
D:5:      layout_loops_ring, nicolae_dithmenos_the_darkroom,
          chequers_decorated_corner, kennysheep_generic_room_7
D:6:      minmay_opposing_rooms, layout_gridville, centaur_isle

Skill      XL: |  1  2  3  4  5  6  7  8  9 |
---------------+----------------------------+-----
Spellcasting   | 4 5 6 7 |  7.2
Conjurations   | 4 5 6 7 |  7.2
Hexes          | 4 5 6 7 |  7.2
Summonings     | 4 5 6 7 |  7.2
Necromancy     | 4 5 6 7 |  7.2
Translocations | 4 5 6 7 |  7.2
Transmutations | 6 |  0.0
Fire Magic     | 4 5 6 7 |  7.2
Ice Magic      | 4 5 6 7 |  7.2
Air Magic      | 4 5 6 7 |  7.2
Earth Magic    | 4 5 6 7 |  7.2
Alchemy        | 5 6 7 8 |  8.4
Stealth        | 2 |  2.2
Short Blades   | 1 |  1.5
Dodging        | 3 4 |  4.1
Evocations     | 2 4 5 6 |  6.5

Action                     |  1- 3 |  4- 6 |  7- 9 || total
---------------------------+-------+-------+-------++-------
  Melee: Dagger            |       |     4 |       ||     4
         Staff             |       |       |     1 ||     1
   Cast: Foxfire           |    33 |    21 |     4 ||    58
         Scorch            |    14 |    91 |    42 ||   147
         Volatile Blastmot |       |     5 |     2 ||     7
         Slow              |       |     1 |       ||     1
         Flame Wave        |       |       |     5 ||     5
    Use: Scroll            |     1 |     6 |     3 ||    10
         Potion            |     1 |     5 |     2 ||     8
 Armour: Robe              |     5 |    22 |    37 ||    64
  Dodge: Dodged            |     9 |    40 |    34 ||    83

Table legend: (Time is in decaauts)
 A = Elapsed time spent in this place.
 B = Non-inter-level travel time spent in this place.
 C = Inter-level travel time spent in this place.
 D = Time resting spent in this place.
 E = Time spent auto-exploring this place.
 F = Levels seen in this place.
 G = Mean time per level.
                   A        B        C        D        E       F      G
               +--------+--------+--------+--------+--------+-----+--------+
         Total |   6184 |   5706 |    478 |   1173 |   3730 |   7 |  883.4 |
       Dungeon |   5639 |   5161 |    478 |    807 |   3641 |   6 |  939.8 |
         Sewer |    545 |    545 |      0 |    366 |     89 |   1 |  545.0 |
               +--------+--------+--------+--------+--------+-----+--------+

Top non-repeatable levels by time:
     D:4: 1096 daAuts
     D:3: 1086 daAuts
     D:2: 1074 daAuts
     D:5: 1012 daAuts
     D:1: 799 daAuts
     D:6: 570 daAuts
   Sewer: 545 daAuts
